AoeStats
← WWW.OUTLETSNUS.COM

Socotra

504225211Analyzed
3v3 RM · 27d ago on Sep 4, 2026· 35m 1s· 6 players
Game mode
Random Map
Map size
128×128
Population
200
Speed
Normal
Resources
Standard
Victory
Conquest
Starting age
Dark Age
Ending age
Imperial Age
RankedLock teamsTeams togetherTeam positionsShared explorationLock speedFull tech treeHidden civsTurbo modeCheats
Victory
Defeat
🇨🇳 Vietnamese · China
891
+15
🇨🇳 Wei · China
831
+18
🇱🇻 Goths · Latvia
822
+20
🇫🇷 Byzantines · France
888
-18
🇨🇱 Vietnamese · Chile
882
-18
🇨🇱 Bulgarians · Chile
861
-17
Necropulpectomía
Bélisaire
0:28 Loom
14:39 Feudal Age
21:13 Castle Age
19:41 Gold Mining
20:15 Stone Mining
20:30 Double-Bit Axe
20:59 Horse Collar
21:37 Elite Skirmisher
22:19 Fletching
26:08 Bodkin Arrow
DEMBOW
10:20 Feudal Age
10:57 Double-Bit Axe
14:41 Scale Mail Armor
18:26 Horse Collar
23:11 Castle Age
21:55 Forging
23:19 Gold Mining
24:28 Wheelbarrow
24:16 Gambesons
24:32 Squires
24:17 Arson
26:52 Elite Skirmisher
28:52 Heavy Plow
29:52 Thumb Ring
30:29 Gold Shaft Mining
30:07 Bow Saw
30:15 Fletching
34:06 Bodkin Arrow
34:11 Padded Archer Armor
WWW.OUTLETSNUS.COM
0:30 Loom
9:36 Feudal Age
10:04 Double-Bit Axe
11:41 Horse Collar
16:01 Forging
18:47 Padded Archer Armor
27:54 Castle Age
26:09 Fletching
27:53 Scale Mail Armor
28:19 Gold Mining
28:23 Stone Mining
31:23 Heavy Plow
八贤王
0:36 Loom
12:05 Feudal Age
13:27 Double-Bit Axe
13:51 Arson
13:55 Horse Collar
14:12 Gold Mining
14:14 Stone Mining
22:22 Castle Age
24:40 Husbandry
24:50 Bloodlines
25:15 Forging
25:11 Scale Barding Armor
35:59 Imperial Age
Mitsui
7:16 Loom
9:23 Feudal Age
12:50 Double-Bit Axe
16:18 Horse Collar
22:12 Castle Age
21:15 Padded Archer Armor
21:10 Gold Mining
22:18 Crossbowman
23:06 Thumb Ring
22:54 Fletching
24:48 Bow Saw
24:40 Heavy Plow
28:57 Ballistics
28:57 Town Watch
29:48 Wheelbarrow
31:51 Bodkin Arrow
32:37 Scale Mail Armor
32:44 Scale Barding Armor
34:38 Chain Barding Armor
34:21 Husbandry
Connection lost

Rejoining the realm…

Still unreachable

The connection could not be restored.

Session expired

The server has moved on; the page needs a fresh start.